 Dungeon Crawl Stone Soup version 0.31.0-32-g396128a36d (webtiles) character file.

Game seed: 6597224523372550335

1929 hyppocratees the Cudgeller (level 8, -4/74 HPs)
             Began as a Minotaur Berserker on Apr 13, 2024.
             Was an Elder of Trog.
             Killed by divine providence
             ... invoked by an orc priest
              (11 damage)
             ... on level 7 of the Dungeon.
             The game lasted 00:13:06 (5707 turns).

hyppocratees the Cudgeller (Minotaur Berserker)     Turns: 5707, Time: 00:13:06

Health: -4/74      AC: 22    Str: 23    XL:     8   Next: 97%
Magic:  7/7        EV: 13    Int:  4    God:    Trog [****..]
Gold:   393        SH:  0    Dex: 11    Spells: 7/7 levels left

rFire   x . .        a - +0 mace
rCold   x . .        (no shield)
rNeg    . . .        k - +4 ring mail {rF+}
rPois   +            (helmet restricted)
rElec   .            (no cloak)
rCorr   .            (no gloves)
SInv    .            (no boots)
Will    .....        s - amulet of Elemental Vulnerability {rPois rF-- rC-- AC+8}
Stlth   +            p - +4 ring of protection
HPRegen 0.32/turn    m - ring of protection from cold
MPRegen 0.10/turn

%: no passive effects
@: no status effects
A: horns 2, retaliatory headbutt, mutation resistance 1
a: Renounce Religion, Berserk, Trog's Hand, Brothers in Arms


You were on level 7 of the Dungeon.
You worshipped Trog.
Trog was greatly pleased with you.
You visited 1 branch of the dungeon, and saw 7 of its levels.

You collected 393 gold pieces.

Inventory:

Hand Weapons
 a - a +0 mace (weapon)
Missiles
 g - 2 throwing nets (quivered)
Armour
 k - a +4 ring mail of fire resistance (worn)
Jewellery
 i - a +4 ring of protection
 m - a ring of protection from cold (right hand)
 p - a +4 ring of protection (left hand)
 s - the amulet of Elemental Vulnerability (around neck) {rPois rF-- rC-- AC+8}
   (You found it on level 6 of the Dungeon)

   [amulet of nothing]

   AC+8:      It affects your AC (+8).
   rF--:      It makes you very vulnerable to fire.
   rC--:      It makes you very vulnerable to cold.
   rPois:     It protects you from poison
Wands
 u - a wand of flame (18)
Scrolls
 f - a scroll of revelation {unknown}
 o - 2 scrolls of fear
 r - a scroll of blinking {unknown}
 v - 2 scrolls of identify
Potions
 c - a potion of haste {unknown}
 h - 4 potions of curing
 j - a potion of degeneration
 l - a potion of heal wounds
 n - 2 potions of enlightenment {unknown}
 q - a potion of attraction {unknown}


   Skills:
 + Level 7.8 Fighting
 + Level 7.9 Maces & Flails
 + Level 7.3 Armour
 + Level 6.7 Dodging


You had 7 spell levels left.
You didn't know any spells.
Your spell library was empty.

Dungeon Overview and Level Annotations

Branches:
Dungeon (7/15)
 Temple: D:4-7

Altars:
Ashenzari
Fedhas
Qazlal
Ru
Sif Muna
Trog
Yredelemnul
Zin
The Shining One

Shops:
D:2 (


Innate Abilities, Weirdness & Mutations

You have a pair of horns on your head.
You reflexively headbutt those who attack you in melee.
You are somewhat resistant to further mutation.


Message History

The centaur hits you with a +0 spear. The centaur completely misses you.
The orc priest looks satisfied for a moment.
A howler monkey comes into view.
The howler monkey howls!
You sock the centaur!
You kill the centaur!
Trog accepts your kill.
The howler monkey hoots and howls with incredible vigour!
A howler monkey comes into view.
The howler monkey howls!
You hear a shout!
You hear an angry buzzing noise.
You hear a shout! x2
The howler monkey hoots and howls with incredible vigour!
The orc priest attacks as it pursues you!
The orc priest closely misses you. You furiously retaliate!
You headbutt the orc priest.
The orc priest attacks as it pursues you!
The orc priest hits you but does no damage.
The orc priest looks braver for a moment.
The howler monkey attacks as it pursues you!
The howler monkey hits you but does no damage.
The orc priest mumbles some strange prayers to Beogh against you.
You struggle to resist.
The howler monkey hoots and howls with incredible vigour! x2
The orc priest invokes the aid of Beogh against you.
Pain shoots through your body!
You hear an angry buzzing noise.
The orc priest calls down the wrath of Beogh upon you.
Beogh smites you!
* * * LOW HITPOINT WARNING * * *
The howler monkey hoots and howls with incredible vigour!
The orc priest looks braver for a moment.
You hear an angry buzzing noise.
The howler monkey hoots and howls with incredible vigour!
You hear a shout!
You hear an angry buzzing noise. x2
The orc priest invokes the aid of Beogh against you.
Beogh smites you!
* * * LOW HITPOINT WARNING * * *
The orc priest invokes the aid of Beogh against you.
Beogh smites you!
You die...

...........#.....#
##.#.......#.#.#.#
...#.......#.#.#.##
##.##.#......#....#
##.##.#####..###..#
............)###..#
###.#.###...))....#
###.#.###...#####.#
...........o....@.#
###.#.#.#.o########
#........#
###...oh.# ##...###
#...# #...# #..h# .
#..h#


You could see 2 orc priests.

Vanquished Creatures
  A steam dragon (D:7)
  A water moccasin (D:6)
  Duvessa (D:7)
  A black bear (D:6)
  2 ice beasts (D:6)
  2 centaurs (D:7)
  A phantom (D:4)
  A gnoll sergeant (D:5)
  A scorpion (D:7)
  Dowan (D:7)
  A bombardier beetle (D:5)
  A gnoll bouda (D:5)
  6 orc priests
  2 hounds (D:5)
  A sleepcap (D:5)
  6 iguanas
  4 orc wizards
  Robin (D:3)
  7 adders
  12 gnolls
  A shadow imp (D:5)
  12 orcs
  7 bats
  6 endoplasms
  3 giant cockroaches (D:1)
  14 goblins
  9 hobgoblins
  5 kobolds
  4 quokkas
  9 ball pythons
  2 frilled lizards (D:3)
  4 rats
129 creatures vanquished.

Vanquished Creatures (others)
  A water moccasin (D:7)
1 creature vanquished.

Grand Total: 130 creatures vanquished

Notes
Turn   | Place    | Note
-------+----------+-------------------------------------------
     0 | D:1      | hyppocratees the Minotaur Berserker began the quest for the
                  | Orb.
     0 | D:1      | Reached XP level 1. HP: 19/19 MP: 0/0
    82 | D:1      | Reached XP level 2. HP: 9/27 MP: 1/1
   417 | D:1      | Reached ** piety under Trog
  1022 | D:2      | Reached XP level 3. HP: 33/33 MP: 2/2
  1247 | D:2      | Found a transporter.
  1252 | D:2      | Found Risaod's Antique Weapon Shoppe.
  1254 | D:2      | Found a transporter.
  1490 | D:2      | Found a faded altar of an unknown god.
  1805 | D:3      | You fall into a shaft and drop 2 floors!
  1805 | D:5      | Entered Level 5 of the Dungeon
  1819 | D:5      | Reached XP level 4. HP: 41/41 MP: 3/3
  1828 | D:5      | Noticed an ogre
  1831 | D:5      | Reached XP level 5. HP: 36/47 MP: 4/4
  1965 | D:5      | Reached skill level 5 in Fighting
  1965 | D:5      | Reached skill level 5 in Maces & Flails
  1969 | D:5      | Found a glowing golden altar of the Shining One.
  1969 | D:5      | Found a stormy altar of Qazlal.
  1970 | D:5      | Found a basalt altar of Yredelemnul.
  2058 | D:4      | Reached XP level 6. HP: 47/56 MP: 5/5
  2251 | D:3      | Noticed Robin
  2275 | D:3      | Killed Robin
  2280 | D:3      | Reached *** piety under Trog
  3097 | D:4      | Found a blossoming altar of Fedhas.
  3718 | D:4      | Gained mutation: You are somewhat resistant to further
                  | mutation. [potion of mutation]
  3773 | D:5      | Reached XP level 7. HP: 62/62 MP: 6/6
  3846 | D:5      | Reached skill level 5 in Armour
  3975 | D:5      | Found a broken altar of Ashenzari.
  4232 | D:5      | Found a bloodstained altar of Trog.
  4554 | D:6      | Found the amulet of Elemental Vulnerability {rPois rF--
                  | rC-- AC+8}
  4568 | D:6      | Reached skill level 5 in Dodging
  4897 | D:6      | Reached XP level 8. HP: 64/71 MP: 7/7
  4988 | D:6      | Found a shimmering blue altar of Sif Muna.
  4991 | D:6      | Found a sacrificial altar of Ru.
  4992 | D:6      | Found a glowing silver altar of Zin.
  5289 | D:6      | Reached **** piety under Trog
  5626 | D:7      | Noticed Duvessa
  5627 | D:7      | Noticed Dowan
  5637 | D:7      | Killed Dowan
  5649 | D:7      | Killed Duvessa
  5707 | D:7      | Killed from afar by an orc priest

Illustrated notes

Levels and vault maps discovered:
D:1:      psy_arrival_conway, layout_basic
D:2:      layout_basic, serial_shops, nicolae_shop_drivethru,
          nicolae_ecumenical_snake_handling
D:3:      layout_basic, uniq_robin
D:4:      layout_basic, fedhas_ov_isle_minmay, grunt_ministairs_4,
          serial_bayou_pond_a
D:5:      layout_loops_ring, trog_three_pillars_becter,
          gammafunk_temple_overflow_forgotten, cheibrodos_ashenzari_chains
D:6:      layout_basic, minitemple
D:7:      layout_loops_cross, minmay_temple_entry_proselytizer, uniq_duvessa

Skill      XL: |  1  2  3  4  5  6  7  8 |
---------------+-------------------------+-----
Maces & Flails | 4 5 6 7 |  7.9
Fighting       | 4 5 6 7 |  7.8
Armour         | 3 4 6 7 |  7.3
Dodging        | 3 4 5 6 |  6.7

Action                     |  1- 3 |  4- 6 |  7- 9 || total
---------------------------+-------+-------+-------++-------
  Melee: Mace              |    71 |   124 |   126 ||   321
         Headbutt          |     4 |    21 |    20 ||    45
         Punch             |       |     1 |     2 ||     3
 Invoke: Berserk           |     1 |     3 |     6 ||    10
    Use: Scroll            |       |     7 |       ||     7
         Potion            |       |     1 |       ||     1
 Armour: Animal skin       |     7 |       |       ||     7
         Scale mail        |    40 |       |       ||    40
         Ring mail         |     8 |    75 |   122 ||   205
  Dodge: Dodged            |    45 |    87 |    82 ||   214
